 Dungeon Crawl Stone Soup version 0.29-a0-824-gd827844252 (webtiles) character file.

Game seed: 15237421625969567642

24973 riojii the Grappler (level 13, -5/115 HPs)
             Began as a Ghoul Gladiator on July 10, 2022.
             Was an Elder of Makhleb.
             Slain by a komodo dragon (10 damage)
             ... on level 4 of the Lair of Beasts.
             The game lasted 00:22:41 (18073 turns).

riojii the Grappler (Ghoul Gladiator)              Turns: 18073, Time: 00:22:41

Health: -5/115     AC: 22    Str: 26    XL:     13   Next: 16%
Magic:  12/12      EV: 11    Int:  3    God:    Makhleb [****..]
Gold:   901        SH:  5    Dex: 16    Spells: 12/12 levels left

rFire   . . .      SeeInvis +     - Unarmed
rCold   + . .      Faith    .   y - +0 buckler
rNeg    + + +      Spirit   .   k - +1 plate armour
rPois   ∞          Reflect  .   o - +2 helmet {SInv}
rElec   .          Harm     .   e - +2 cloak {rPois}
rCorr   .          Rampage  .   (no gloves)
Will    +....                   t - +0 pair of boots {Stlth+}
Stlth   +.........              (no amulet)
HPRegen 0.00/turn               B - ring "Umeimp" {Str+3 Dex+6}
MPRegen 0.13/turn               l - ring of willpower

@: inhibited regen
A: claws 1, cold resistance 1, negative energy resistance 3, inhibited
regeneration, torment resistance 2, devour on kill
a: Renounce Religion, Minor Destruction, Lesser Servant of Makhleb, Major
Destruction


You were on level 4 of the Lair of Beasts.
You worshipped Makhleb.
Makhleb was greatly pleased with you.
You visited 3 branches of the dungeon, and saw 16 of its levels.

You collected 1066 gold pieces.
You spent 165 gold pieces at shops.

Inventory:

Missiles
 H - a throwing net (quivered)
Armour
 e - a +2 cloak of poison resistance (worn)
 k - a +1 plate armour (worn)
 o - a +2 helmet of see invisible (worn)
 t - a +0 pair of boots of stealth (worn)
 y - a +0 buckler (worn)
Jewellery
 j - a +6 ring of intelligence
 l - a ring of willpower (right claw)
 v - a ring of see invisible
 B - the ring "Umeimp" (left claw) {Str+3 Dex+6}
   (You acquired it on level 3 of the Lair of Beasts)

   [ring of dexterity]

   Str:       It affects your strength (+3).
   Dex:       It affects your dexterity (+6).
Wands
 a - a wand of paralysis (9)
 c - a wand of flame (33)
 h - a wand of polymorph (8)
 n - a wand of roots (3)
 q - a wand of acid (8)
Scrolls
 b - 6 scrolls of teleportation
 p - a scroll of poison
 w - 2 scrolls of blinking
 A - 4 scrolls of magic mapping
 E - a scroll of silence {unknown}
 F - a scroll of fear
Potions
 d - 4 potions of heal wounds
 f - a potion of cancellation {unknown}
 g - 2 potions of flight
 i - 2 potions of curing
 m - 2 potions of berserk rage
 r - 4 potions of mutation
 s - a potion of magic {unknown}
 u - a potion of brilliance {unknown}
 x - 2 potions of ambrosia
 z - a potion of resistance {unknown}
 C - 2 potions of haste {unknown}
 D - a potion of experience {unknown}
 G - a potion of might {unknown}
 I - a potion of lignification {unknown}


   Skills:
 * Level 10.8 Fighting
 - Level 1.7 Throwing
 + Level 7.9 Armour
 + Level 8.5 Dodging
 - Level 9.1 Stealth
 * Level 5.2 Shields
 * Level 13.8 Unarmed Combat


You had 12 spell levels left.
You didn't know any spells.
Your spell library contained the following spells:

 Spells                   Type           Power      Damage    Failure   Level
 Apportation              Tloc           0%         N/A       100%        1
 Magic Dart               Conj           0%         1d3       100%        1
 Necrotise                Necr           0%         1d4       100%        1
 Shock                    Conj/Air       0%         1d3       100%        1
 Summon Small Mammal      Summ           0%         N/A       100%        1
 Call Imp                 Summ           0%         N/A       100%        2
 Ensorcelled Hibernation  Hex/Ice        0%         N/A       100%        2
 Passwall                 Tmut/Erth      0%         N/A       100%        2
 Static Discharge         Conj/Air       0%         3-3/arc   100%        2
 Dazzling Flash           Conj/Hex       0%         N/A       100%        3
 Mephitic Cloud           Conj/Pois/Air  0%         N/A       100%        3
 Swiftness                Air            0%         N/A       100%        3
 Airstrike                Air            0%         0-1+      100%        4
 Fulminant Prism          Conj/Hex       0%         3d6       100%        4
 Iskenderun's Mystic Bla  Conj/Tloc      0%         2d3       100%        4
 Summon Lightning Spire   Summ/Air       0%         N/A       100%        4
 Agony                    Necr           0%         N/A       100%        5
 Lee's Rapid Deconstruct  Erth           0%         3d5*      100%        5
 Lightning Bolt           Conj/Air       0%         1d11      100%        5
 Silence                  Hex/Air        0%         N/A       100%        5
 Maxwell's Capacitive Co  Air            0%         ∞         100%        8
 Storm Form               Tmut/Air       Unusable   N/A       N/A         7

Dungeon Overview and Level Annotations

Branches:
Dungeon (11/15)            Temple (1/1) D:4            Lair (4/6) D:11
 Shoals (0/4) Lair:2       Spider (0/4) Lair:4          Orc (0/2) D:11

Altars:
Ashenzari
Cheibriados
Dithmenos
Fedhas
Gozag
Hepliaklqana
Kikubaaqudgha
Makhleb
Nemelex Xobeh
Okawaru
Qazlal
Ru
Sif Muna
Trog
Uskayaw
Vehumet
Wu Jian
Xom
Yredelemnul

Shops:
D:3 !   D:4 *(   D:8 [

Annotations:
D:6 3 runed translucent doors, zhov's ghost, novice SpHu


Innate Abilities, Weirdness & Mutations

You are immune to poison.
You have sharp fingernails.
Your flesh is cold resistant. (rC+)
You are immune to negative energy. (rN+++)
You do not regenerate when monsters are visible.
You are immune to unholy pain and torment.
You thrive by killing the living.


Message History

Blink to where?
Press: ? - help, Dir - move target
As you read the scroll of blinking, it crumbles to dust.
You feel much better.
You completely miss the komodo dragon. You block the komodo dragon's attack.
You claw the komodo dragon!
The komodo dragon is moderately wounded.
You barely miss the komodo dragon.
The komodo dragon is moderately wounded.
The komodo dragon bites you but does no damage.
The komodo dragon completely misses you.
You claw the komodo dragon!
The komodo dragon is heavily wounded.
The komodo dragon bites you but does no damage. x2
You claw the komodo dragon!
The komodo dragon is almost dead.
The komodo dragon misses you.
You claw the komodo dragon!
You kill the komodo dragon!
Makhleb accepts your kill. You block the komodo dragon's attack.
You mangle the komodo dragon!!
You kill the komodo dragon!
Makhleb accepts your kill. The komodo dragon closely misses you.
The komodo dragon bites you but does no damage.
You scratch the komodo dragon.
The komodo dragon is lightly wounded.
You closely miss the komodo dragon.
The komodo dragon is lightly wounded.
The komodo dragon bites you!
* * * LOW HITPOINT WARNING * * *
You claw the komodo dragon!
The komodo dragon is moderately wounded.
The komodo dragon bites you!!
* * * LOW HITPOINT WARNING * * *
You mangle the komodo dragon!!
The komodo dragon is almost dead.
The komodo dragon bites you!
You die...

### ##.## ....## ###
....# ... ## ###..##
#.##.###†#...# #.#..
#.....#
##...###.##.†##
#####...##.####.@.#
#...#.†#.....##.l###
........[..........#
.#..†..............#
#.#................#
...#......††.......#
#.#..........P.#...#
.#.................#
...................#


You could see a komodo dragon.

Vanquished Creatures
  The ghost of Xiutytse the Covert, a journeyman GnDe of Gozag (Lair:3)
  Snorg (D:11)
  3 hydras
  Harold (D:9)
  Amaemon (Lair:3)
  A cyclops (D:11)
  11 elephants
  An ugly thing (D:11)
  Maurice (D:8)
  A merfolk siren (Lair:2)
  2 black mambas
  Joseph (D:7)
  An orange demon (Lair:3)
  3 cane toads
  9 komodo dragons
  2 rime drakes
  3 trolls
  A merfolk (Lair:2)
  Prince Ribbit (D:8)
  4 blink frogs (Lair:4)
  A shadow (D:11)
  2 wyverns
  11 yaks
  2 basilisks (Lair:3)
  A steam dragon (Lair:4)
  9 vampire mosquitoes
  6 water moccasins
  3 acid dragons
  A sky beast (D:8)
  An ice beast (D:8)
  5 orc warriors
  A black bear (D:7)
  An ogre (D:3)
  A centaur (D:9)
  4 kobold brigands
  A phantom (D:4)
  8 bullfrogs
  3 necrophages
  2 scorpions
  Blork the orc (D:6)
  3 gnoll sergeants
  3 wights (D:8)
  6 killer bees (D:7)
  4 howler monkeys
  2 electric eels (Lair:2)
  A gnoll bouda (D:7)
  2 jellies (D:6)
  8 orc priests
  5 hounds
  5 iguanas
  8 orc wizards
  4 adders
  28 gnolls
  A shadow imp (D:7)
  A white imp (D:6)
  An ufetubus (D:7)
  3 worms
  5 dart slugs
  51 orcs
  6 endoplasms
  14 giant cockroaches
  7 goblins
  6 hobgoblins
  3 quokkas (D:1)
  4 ball pythons
  5 bats
  A frilled lizard (D:3)
  29 kobolds
  9 rats (D:2)
338 creatures vanquished.

Vanquished Creatures (others)
  A fungus (Lair:2)
  A plant (Lair:1)
2 creatures vanquished.

Grand Total: 340 creatures vanquished

Notes
Turn   | Place    | Note
-------+----------+-------------------------------------------
     0 | D:1      | riojii the Ghoul Gladiator began the quest for the Orb.
     0 | D:1      | Reached XP level 1. HP: 17/17 MP: 0/0
   386 | D:1      | Reached XP level 2. HP: 25/25 MP: 1/1
   690 | D:1      | Found a faded altar of an unknown god.
   754 | D:2      | Identified the +1 robe of the Last Yaks {rC+ rCorr Str+3}
   789 | D:2      | Found a snail-covered altar of Cheibriados.
   795 | D:2      | Found the +3 hat of Pondering {ponderous, Will+ MP+10
                  | Int+5}
   844 | D:2      | Reached XP level 3. HP: 26/30 MP: 2/2
   992 | D:2      | Reached skill level 1 in Armour
  1095 | D:2      | Reached skill level 4 in Unarmed Combat
  1533 | D:3      | Reached XP level 4. HP: 20/38 MP: 3/3
  1758 | D:3      | Reached XP level 5. HP: 45/45 MP: 4/4
  1949 | D:3      | Found a basalt altar of Yredelemnul.
  1953 | D:3      | Found a radiant altar of Vehumet.
  1963 | D:3      | Noticed an ogre
  2206 | D:3      | Found Wiut's Distillery.
  2269 | D:3      | Killed an ogre
  2270 | D:3      | Reached skill level 5 in Unarmed Combat
  2270 | D:3      | Reached XP level 6. HP: 17/51 MP: 5/5
  2535 | D:4      | Found Afaox's Antique Weapon Shoppe.
  2756 | D:4      | Found a staircase to the Ecumenical Temple.
  2766 | D:4      | Reached XP level 7. HP: 59/59 MP: 6/6
  2779 | Temple   | Entered the Ecumenical Temple
  2949 | Temple   | Became a worshipper of Makhleb the Destroyer
  3042 | D:4      | Found Utopnat's General Store.
  3087 | D:4      | Bought a +1 helmet of see invisible for 165 gold pieces
  3177 | D:4      | Reached skill level 6 in Unarmed Combat
  3574 | D:5      | Entered Level 5 of the Dungeon
  4655 | D:5      | Reached XP level 8. HP: 67/67 MP: 7/7
  4734 | D:5      | Reached skill level 7 in Unarmed Combat
  5535 | D:6      | Reached skill level 5 in Fighting
  5630 | D:6      | Found a runed translucent gate.
  5630 | D:6      | Found an opulent altar of Gozag.
  5631 | D:6      | Found a runed translucent gate.
  5633 | D:6      | Found a runed translucent gate.
  5633 | D:6      | Noticed a cyclops
  5633 | D:6      | Noticed a gargoyle
  5635 | D:6      | Noticed zhov's ghost (novice SpHu)
  5861 | D:6      | Reached * piety under Makhleb
  6142 | D:6      | Noticed Blork the orc
  6151 | D:6      | Killed Blork the orc
  6152 | D:6      | Reached skill level 5 in Dodging
  6270 | D:6      | Reached skill level 8 in Unarmed Combat
  6545 | D:7      | HP: 1/70 [killer bee (4)]
  6579 | D:7      | Reached XP level 9. HP: 57/75 MP: 8/8
  6791 | D:7      | Noticed Joseph
  6804 | D:7      | Killed Joseph
  6805 | D:7      | Reached skill level 9 in Unarmed Combat
  7506 | D:8      | Reached skill level 1 in Stealth
  7547 | D:8      | Noticed Prince Ribbit
  7579 | D:8      | Killed Prince Ribbit
  7582 | D:8      | Reached skill level 5 in Armour
  7639 | D:8      | Found Ymima's Antique Armour Boutique.
  7761 | D:8      | Noticed Maurice
  7808 | D:8      | Killed Maurice
  7809 | D:8      | Reached skill level 10 in Unarmed Combat
  7809 | D:8      | Reached XP level 10. HP: 25/86 MP: 9/9
  7909 | D:8      | Reached ** piety under Makhleb
  7939 | D:8      | Reached skill level 5 in Stealth
  8597 | D:9      | Noticed Harold
  8626 | D:9      | HP: 3/86 [wyvern (8)]
  9078 | D:9      | Killed Harold
  9291 | D:9      | Found a flagged portal.
  9309 | D:9      | Reached skill level 11 in Unarmed Combat
  9828 | D:10     | Entered Level 10 of the Dungeon
 10321 | D:10     | Reached XP level 11. HP: 61/94 MP: 10/10
 10894 | D:10     | Reached *** piety under Makhleb
 11420 | D:11     | Noticed a five-headed hydra
 11439 | D:11     | Killed a five-headed hydra
 11586 | D:11     | Noticed a purple ugly thing
 11604 | D:11     | Killed a purple ugly thing
 11779 | D:11     | Found a staircase to the Lair.
 11981 | D:11     | Found a staircase to the Orcish Mines.
 12247 | D:11     | Noticed Snorg
 12259 | D:11     | Killed Snorg
 12525 | D:11     | Reached skill level 12 in Unarmed Combat
 12755 | D:11     | Noticed a cyclops
 12787 | D:11     | Killed a cyclops
 13460 | Lair:1   | Entered Level 1 of the Lair of Beasts
 14262 | Lair:1   | Reached **** piety under Makhleb
 14537 | Lair:2   | Reached skill level 1 in Shields
 14537 | Lair:2   | Reached XP level 12. HP: 77/103 MP: 11/11
 15049 | Lair:2   | Noticed a five-headed hydra
 15058 | Lair:2   | Killed a five-headed hydra
 15539 | Lair:2   | Found a staircase to the Shoals.
 15803 | Lair:2   | Identified 2 scrolls of acquirement
 15803 | Lair:2   | Acquired a +0 pair of boots of stealth
 15914 | Lair:3   | Found a runed translucent gate.
 15915 | Lair:3   | Found a runed translucent gate.
 15915 | Lair:3   | Found a runed translucent gate.
 15916 | Lair:3   | Noticed Xiutytse's ghost (journeyman GnDe)
 15939 | Lair:3   | Reached skill level 13 in Unarmed Combat
 16080 | Lair:3   | Noticed Amaemon
 16081 | Lair:3   | Acquired the ring "Umeimp" {Str+3 Dex+6}
 16101 | Lair:3   | Killed Amaemon
 16924 | Lair:3   | Killed Xiutytse's ghost
 16972 | Lair:4   | Found a hole to the Spider Nest.
 17010 | Lair:4   | Reached skill level 10 in Fighting
 17600 | Lair:4   | Noticed a seven-headed hydra
 17609 | Lair:4   | Killed a seven-headed hydra
 17610 | Lair:4   | Reached XP level 13. HP: 56/114 MP: 12/12
 18004 | Lair:4   | Reached skill level 5 in Shields
 18072 | Lair:4   | HP: 5/115 [komodo dragon (21)]
 18073 | Lair:4   | Slain by a komodo dragon

Illustrated notes

Levels and vault maps discovered:
D:1:      evilmike_arrival_rings, layout_rooms,
          shapermc_ecumenical_altar_acropolis
D:2:      layout_rooms, basic_altar, minmay_rat_gold_closets
D:3:      minmay_roachtagon, layout_basic, grunt_temple_overflow_open,
          serial_shops, nicolae_diamond_shop
D:4:      layout_loops_ring, minmay_temple_entry_statues_fountains,
          serial_shops, nicolae_inconvenience_store, nicolae_stop_n_shop_2
D:5:      layout_layer_cave
D:6:      layout_basic, ebering_ghost_gozag, uniq_blork_the_orc
D:7:      layout_loops_cross, uniq_joseph
D:8:      layout_basic, serial_shops, shop, uniq_prince_ribbit1, uniq_maurice
D:9:      layout_roguey, enter_bailey_6, serial_rivers,
          chequers_serial_rivers_micro_d, chequers_serial_rivers_room_a,
          chequers_serial_rivers_micro_d, chequers_serial_rivers_marsh,
          chequers_serial_rivers_small_a, chequers_serial_rivers_micro_e,
          uniq_harold
D:10:     layout_stronghold, nicolae_water_bricks
D:11:     layout_stronghold, lair_entry_dummy, david_orc_5, hex_medium,
          uniq_snorg
Temple:   nicolae_temple_bog_church
Lair:1:   layout_loops_ring
Lair:2:   layout_hall_layers, elwin_shoals_entry_rooms, lemuel_fruit_fields,
          lemuel_fruit_fields, grunt_megastairs_5
Lair:3:   layout_cave_pods, ebering_ghost_rock_garden, uniq_amaemon
Lair:4:   layout_hall_layers, dummy_spider_entry,
          portal_ice_cave_entry_pillars_2, beast_lair_carwin_10

Skill      XL: |  1  2  3  4  5  6  7  8  9 10 11 12 13 |
---------------+----------------------------------------+-----
Armour         | 1 2 3 4 5 6 7 |  7.9
Dodging        | 3 4 5 6 7 8 |  8.5
Unarmed Combat | 4 5 6 8 10 11 12 13 | 13.8
Fighting       | 3 4 5 7 8 10 | 10.8
Stealth        | 4 6 9 |  9.1
Shields        | 1 4 5 |  5.2
Throwing       | |  1.7

Action                   |  1- 3 |  4- 6 |  7- 9 | 10-12 | 13-15 || total
-------------------------+-------+-------+-------+-------+-------++-------
Melee: Unarmed           |   134 |   171 |   414 |   767 |    70 ||  1556
       Punch             |     4 |    10 |    14 |       |       ||    28
Evoke: Wand              |       |       |       |     9 |       ||     9
  Use: Scroll            |       |     6 |     7 |    11 |     1 ||    25
       Potion            |       |       |     6 |       |     1 ||     7
 Stab: Sleeping          |     2 |       |       |       |       ||     2
       Distracted        |       |     1 |       |       |       ||     1
       Invisible         |       |       |     5 |       |       ||     5
Armor: Leather armour    |    16 |       |       |       |       ||    16
       Robe              |     3 |       |       |       |       ||     3
       Plate armour      |    42 |   109 |   318 |   514 |    22 ||  1005
Dodge: Dodged            |    66 |    52 |   178 |   334 |    29 ||   659
Block: Buckler           |       |       |     6 |   138 |    14 ||   158

Table legend: (Time is in decaauts)
 A = Elapsed time spent in this place.
 B = Non-inter-level travel time spent in this place.
 C = Inter-level travel time spent in this place.
 D = Time resting spent in this place.
 E = Time spent auto-exploring this place.
 F = Levels seen in this place.
 G = Mean time per level.
                   A        B        C        D        E       F      G
               +--------+--------+--------+--------+--------+-----+--------+
         Total |  17866 |  17405 |    461 |   1242 |  13579 |  16 | 1116.6 |
       Dungeon |  13127 |  12791 |    336 |   1242 |   9526 |  11 | 1193.4 |
        Temple |    189 |    152 |     37 |      0 |    136 |   1 |  189.0 |
          Lair |   4549 |   4462 |     87 |      0 |   3916 |   4 | 1137.2 |
               +--------+--------+--------+--------+--------+-----+--------+

Top non-repeatable levels by time:
    D:11: 2038 daAuts
    D:10: 1549 daAuts
     D:5: 1368 daAuts
  Lair:2: 1361 daAuts
     D:4: 1314 daAuts
     D:9: 1284 daAuts
  Lair:3: 1117 daAuts
     D:8: 1076 daAuts
  Lair:4: 1068 daAuts
  Lair:1: 1001 daAuts
     D:3: 1000 daAuts
     D:6: 995 daAuts
     D:7: 984 daAuts
     D:2: 777 daAuts
     D:1: 737 daAuts
